 Dungeon Crawl Stone Soup version 0.30-a0-177-g1cb5dbfd7a (webtiles) character file.

Game seed: 1647324133934189901

144 lunkers the Cudgeller (level 5, -3/34 (41) HPs)
             Began as a Meteoran Reaver on Oct 3, 2022.
             Was an Initiate of Ru.
             Slain by a yak (10 damage)
             ... on level 6 of the Dungeon.
             The game lasted 00:04:57 (1247 turns).

lunkers the Cudgeller (Meteoran Reaver)             Turns: 1247, Time: 00:04:57

HP:   -3/34 (41)    AC:  5    Str: 15    XL:     5   Next: 81%
MP:   7/10          EV: 11    Int: 15    God:    Ru [......]
Gold: 116           SH:  0    Dex: 12    Spells: 3/9 levels left

rFire   . . .      SeeInvis .    a - +0 mace
rCold   . . .      Faith    .    (no shield)
rNeg    . . .      Spirit   .    l - +0 ring mail
rPois   .          Reflect  .    (no helmet)
rElec   .          Harm     .    (no cloak)
rCorr   .          Rampage  .    (no gloves)
Will    .....                    (no boots)
Stlth   +.........               (no amulet)
HPRegen 0.25/turn                c - ring of wizardry
MPRegen 0.12/turn                (no ring)

@: immotile, glowing, heavily drained
A: sense surroundings 1, otherworldly, glowing, explore regen
a: Renounce Religion


You were on level 6 of the Dungeon.
You worshipped Ru.
Ru was noncommittal.
You visited 2 branches of the dungeon, and saw 8 of its levels.

You collected 116 gold pieces.

Inventory:

Hand Weapons
 a - a +0 mace (weapon)
Armour
 b - a +0 leather armour
 l - a +0 ring mail (worn)
Jewellery
 c - a ring of wizardry (left hand)
 g - an amulet of faith
Wands
 f - a wand of flame (26)
Scrolls
 d - a scroll of butterflies
 e - a scroll of blinking {unknown}
 h - 2 scrolls of identify {unknown}
 i - 2 scrolls of enchant weapon {unknown}
 k - a scroll of immolation
 m - a scroll of noise {unknown}
 n - a scroll of amnesia {unknown}
Potions
 j - a potion of berserk rage {unknown}


   Skills:
 - Level 2.1 Fighting
 * Level 7.7 Maces & Flails
 - Level 2.4 Dodging
 - Level 2.6 Spellcasting
 - Level 3.6 Conjurations


You had 3 spell levels left.
You knew the following spells:

 Your Spells              Type           Power      Damage    Failure   Level
b - Momentum Strike       Conj/Tloc      14%        3d8       12%         2
c - Hailstorm             Conj/Ice       7%         3d4       24%         3
p - Kiss of Death         Conj/Necr      28%        2d7       9%          1

Your spell library contained the following spells:

 Spells                   Type           Power      Damage    Failure   Level
 Malign Gateway           Summ/Tloc      1%         N/A       100%        7
 Summon Horrible Things   Summ           1%         N/A       100%        8


Dungeon Overview and Level Annotations

Branches:
Dungeon (7/15) Zot: 2984   Temple (1/1) D:4 Zot: 558

Altars:
Dithmenos
Elyvilon
Ru
Trog
Yredelemnul

Annotations:
D:3 3 runed translucent doors, Theoretic's ghost, weakling OpTm


Innate Abilities, Weirdness & Mutations

You passively map a small area around you.
You are easily found by Zot.
You glow in the dark.
You regain HP and MP as you explore.


Message History

Okay, then.
The yak gores you! The yak closely misses you.
The yak attacks as you move away! The yak gores you but does no damage.
Okay, then.
Casting: Momentum Strike (safe; 12% risk of failure)
Confirm with . or Enter, or press ? or * to list all spells.
Aiming: Momentum Strike (safe; 12% risk of failure)
Press: ? - help, Dir - move target, f - yak
Aim: a yak (81% to hit)
The concentrated momentum hits the yak!!
You are unable to move.
The yak barely misses you.
Unknown command.
Unknown command.
Really attack while wielding nothing? [Y]es or [N]o only, please.
Really attack while wielding nothing? [Y]es or [N]o only, please.
Really attack while wielding nothing? [Y]es or [N]o only, please.
Really attack while wielding nothing?
Okay, then.
a - a +0 mace (weapon)
You barely miss the yak.
The yak is heavily wounded.
The yak gores you!
* * * LOW HITPOINT WARNING * * *
You hit the yak.
The yak is heavily wounded.
The yak gores you!
* * * LOW HITPOINT WARNING * * *
Casting: Momentum Strike (safe; 12% risk of failure)
Confirm with . or Enter, or press ? or * to list all spells.
Aiming: Kiss of Death (safe; 9% risk of failure)
Press: ? - help, Shift-Dir - straight line, f/p - yak
Aim: a yak (heavily wounded, 100% to hit)
The negative energy hits the yak!
The yak is drained!
The yak is severely wounded.
You feel drained. The yak gores you!
You die...

#### , ,..# * #.# *,
#.# **#.#
,<#.#############
#####.#>.Y@.......#####
#.....#..#####........#
#.###....# #........#
*, #.##.#####........#
*
#.##....##.....).)#####
*
#.###...'......).......
..# #...##........#####
** ###
#<..##.........#,,
#...##............


You could see a yak (drained).

Vanquished Creatures
  2 hounds (D:5)
  An orc priest (D:4)
  2 iguanas (D:5)
  2 adders
  A dart slug (D:2)
  3 orcs (D:6)
  2 ball pythons (D:3)
  2 endoplasms
  A giant cockroach (D:4)
  A quokka (D:2)
  3 kobolds
  3 rats
23 creatures vanquished.

Vanquished Creatures (others)
  Prince Ribbit (D:5)
  A phantom (D:6)
  An iguana (D:4)
  A dart slug (D:3)
  An orc (D:7)
5 creatures vanquished.

Grand Total: 28 creatures vanquished

Notes
Turn   | Place    | Note
-------+----------+-------------------------------------------
     0 | D:1      | lunkers the Meteoran Reaver began the quest for the Orb.
     0 | D:1      | Reached XP level 1. HP: 17/17 MP: 5/5
   254 | D:2      | Reached XP level 2. HP: 20/24 MP: 6/6
   372 | D:3      | Learned a level 2 spell: Momentum Strike
   486 | D:3      | Found a runed translucent gate.
   486 | D:3      | Found a runed translucent gate.
   486 | D:3      | Found a runed translucent gate.
   486 | D:3      | Noticed Theoretic's ghost (weakling OpTm)
   565 | D:4      | Reached skill level 5 in Maces & Flails
   593 | D:4      | Found a staircase to the Ecumenical Temple.
   599 | D:4      | Reached XP level 3. HP: 29/29 MP: 4/8
   622 | D:4      | HP: 1/29 [kobold/+0 short sword (4)]
   631 | Temple   | Entered the Ecumenical Temple
   653 | Temple   | Became a worshipper of Ru the Awakened
   702 | D:5      | Entered Level 5 of the Dungeon
   826 | D:5      | Reached skill level 6 in Maces & Flails
   826 | D:5      | Reached XP level 4. HP: 35/36 MP: 6/9
   836 | D:5      | HP: 1/36 [iguana (6)]
   869 | D:5      | Noticed Prince Ribbit
   892 | D:5      | Killed Prince Ribbit
   902 | D:5      | Reached XP level 5. HP: 24/41 MP: 8/10
   942 | D:6      | Learned a level 3 spell: Hailstorm
   969 | D:6      | Noticed a phantom
   976 | D:6      | Killed a phantom
   977 | D:6      | Reached skill level 7 in Maces & Flails
  1042 | D:7      | Noticed a yak
  1042 | D:7      | Noticed a yak
  1042 | D:7      | Noticed a yak
  1042 | D:7      | Noticed a yak
  1042 | D:7      | Noticed a yak
  1247 | D:6      | Slain by a yak

Illustrated notes

Levels and vault maps discovered:
D:1:      minmay_arrival_doors, layout_loops_corners, serial_shops, shop,
          minivault_25
D:2:      layout_basic, serial_shops, shop_statue,
          hellmonk_ecumenical_altar_leap_of_faith, minmay_pentomino_o2
D:3:      layout_basic, ebering_ghost_rock_garden, serial_park_tiny_1
D:4:      layout_basic, minmay_temple_entry_proselytizer, serial_shops, shop,
          kennysheep_mini, nicolae_shop_temple_entry_statues_fountains, shop,
          shop
D:5:      layout_basic, uniq_eustachio, uniq_prince_ribbit1
D:6:      layout_basic
D:7:      gammafunk_wand_slinger, layout_cave_pools, serial_bayou_pond_e
Temple:   minmay_crystal_snake_temple

Skill      XL: |  1  2  3  4  5 |
---------------+----------------+-----
Maces & Flails | 5 6 7 |  7.7
Fighting       | |  2.1
Dodging        | |  2.4
Spellcasting   | |  2.6
Conjurations   | |  3.6

Action                   |  1- 3 |  4- 6 || total
-------------------------+-------+-------++-------
Melee: Mace              |    63 |    27 ||    90
 Cast: Momentum Strike   |     7 |     9 ||    16
       Hailstorm         |       |     2 ||     2
       Kiss of Death     |       |     1 ||     1
  Use: Scroll            |     1 |     2 ||     3
       Potion            |       |     1 ||     1
Armor: Leather armour    |    19 |     6 ||    25
       Ring mail         |       |     2 ||     2
Dodge: Dodged            |    39 |    17 ||    56

Table legend: (Time is in decaauts)
 A = Elapsed time spent in this place.
 B = Non-inter-level travel time spent in this place.
 C = Inter-level travel time spent in this place.
 D = Time resting spent in this place.
 E = Time spent auto-exploring this place.
 F = Levels seen in this place.
 G = Mean time per level.
                   A        B        C        D        E       F      G
               +--------+--------+--------+--------+--------+-----+--------+
         Total |   1256 |   1199 |     57 |      0 |    538 |   8 |  157.0 |
       Dungeon |   1214 |   1176 |     38 |      0 |    538 |   7 |  173.4 |
        Temple |     41 |     22 |     19 |      0 |      0 |   1 |   41.0 |
               +--------+--------+--------+--------+--------+-----+--------+

Top non-repeatable levels by time:
     D:6: 252 daAuts
     D:5: 237 daAuts
     D:1: 174 daAuts
     D:2: 169 daAuts
     D:3: 163 daAuts
     D:4: 161 daAuts
     D:7: 56 daAuts
  Temple: 41 daAuts
